TOP OF THE 1ST |
Gainesville Guidos batting - Pitching for Montgomery Biscuits : RHP Brent Shirley
|
Pitching: RHP Brent Shirley
|
|
Batting: SHB Manuel Díaz
|
0-0: Foul Ball, location: 2F 0-1: Swinging Strike 0-2: Strikes out swinging wild pitch, reaches first!
|
Batting: RHB Doug Coleman
|
0-0: Ball 1-0: Ball 2-0: Ball 3-0: Called Strike 3-1: Called Strike 3-2: Strikes out swinging
|
Batting: RHB César Castillo
|
0-0: Ball Wild Pitch! Manuel Díaz to second 1-0: Ball 2-0: Called Strike 2-1: Fly out, F8 (Flyball, 8RD) Runner from 2nd tags up, SAFE at 3rd with throw
|
Batting: SHB Kent Phillips
|
0-0: Called Strike 0-1: Foul Ball, location: 2F 0-2: Strikes out swinging, 2-3 out at first.
|
Top of the 1st over - 0 runs, 0 hits, 0 errors, 1 left on base; Gainesville 0 - Montgomery 0 |
BOTTOM OF THE 1ST |
Montgomery Biscuits batting - Pitching for Gainesville Guidos : RHP Bill Bowen
|
Pitching: RHP Bill Bowen
|
|
Batting: RHB Dave Sawyer
|
0-0: Fly out, F6 (Line Drive, 6)
|
Batting: LHB Amlak Saitoti
|
0-0: Ball 1-0: Swinging Strike 1-1: DOUBLE (Groundball, 5L)
|
Batting: LHB Ron Young
|
0-0: SINGLE (Line Drive, 7LS) Amlak Saitoti to third
|
Batting: LHB António Fernández
|
0-0: Called Strike 0-1: Ball 1-1: Ball 2-1: Foul Ball, location: 2F 2-2: Grounds into double play, 4-6-3 (Groundball, 4)
|
Bottom of the 1st over - 0 runs, 2 hits, 0 errors, 1 left on base; Gainesville 0 - Montgomery 0 |
TOP OF THE 2ND |
Gainesville Guidos batting - Pitching for Montgomery Biscuits : RHP Brent Shirley
|
Batting: RHB Adrián López
|
0-0: Foul Ball, location: 2F 0-1: Ball 1-1: Ball 2-1: Swinging Strike 2-2: Ball 3-2: SINGLE (Groundball, 6MD)
|
Batting: SHB José Sousa
|
0-0: Ball 1-0: Foul Ball, location: 2F 1-1: Fly out, F8 (Line Drive, 78D)
|
Batting: RHB León Reynoso
|
0-0: Fielders Choice at 2nd, 3-6 (Groundball, 3)
|
Batting: RHB George Green
|
0-0: Called Strike León Reynoso steals 2nd base 0-1: Ball 1-1: Ball 2-1: Fly out, F8 (Flyball, 8LM)
|
Top of the 2nd over - 0 runs, 1 hit, 0 errors, 1 left on base; Gainesville 0 - Montgomery 0 |
BOTTOM OF THE 2ND |
Montgomery Biscuits batting - Pitching for Gainesville Guidos : RHP Bill Bowen
|
Batting: RHB Dave McGuire
|
0-0: Ball 1-0: Called Strike 1-1: Ball 2-1: Ball 3-1: Fly out, F9 (Flyball, 9S)
|
Batting: LHB José Castillo
|
0-0: Called Strike 0-1: Ball 1-1: Fly out, F8 (Flyball, 89M)
|
Batting: LHB Gilbert Stegall
|
0-0: Ball 1-0: Ball 2-0: Ball 3-0: Base on Balls
|
Batting: RHB Roy Powell
|
0-0: Ball 1-0: Foul Ball, location: 2F 1-1: Ball 2-1: Ball 3-1: Called Strike 3-2: Strikes out swinging
|
Bottom of the 2nd over - 0 runs, 0 hits, 0 errors, 1 left on base; Gainesville 0 - Montgomery 0 |
TOP OF THE 3RD |
Gainesville Guidos batting - Pitching for Montgomery Biscuits : RHP Brent Shirley
|
Batting: RHB Ricardo Medina
|
0-0: Called Strike 0-1: Foul Ball, location: 2F 0-2: Ball 1-2: Fly out, F7 (Flyball, 7S)
|
Batting: SHB Manuel Díaz
|
0-0: Ball 1-0: Ground out 6-3 (Groundball, 6)
|
Batting: RHB Doug Coleman
|
0-0: Fly out, F7 (Flyball, 7D)
|
Top of the 3rd over - 0 runs, 0 hits, 0 errors, 0 left on base; Gainesville 0 - Montgomery 0 |
BOTTOM OF THE 3RD |
Montgomery Biscuits batting - Pitching for Gainesville Guidos : RHP Bill Bowen
|
Batting: RHB Greg Williams
|
0-0: Ball 1-0: Called Strike 1-1: Called Strike 1-2: Ground out 3-1 (Groundball, 34S)
|
Batting: RHB Dave Sawyer
|
0-0: Foul Ball, location: 2F 0-1: Swinging Strike 0-2: Strikes out looking
|
Batting: LHB Amlak Saitoti
|
0-0: Ball 1-0: Ball 2-0: Ball 3-0: Base on Balls
|
Batting: LHB Ron Young
|
0-0: Ball 1-0: Ball 2-0: Foul Ball, location: 2F 2-1: DOUBLE (Groundball, 5L) Amlak Saitoti to third Runner from 3rd tries for Home, SAFE, no throw
|
Batting: LHB António Fernández
|
0-0: Ball 1-0: Called Strike 1-1: Ball 2-1: Foul Ball, location: 2F 2-2: DOUBLE (Flyball, 78D) Ron Young scores
|
Batting: RHB Dave McGuire
|
0-0: Called Strike 0-1: Ball 1-1: Ball 2-1: Foul Ball, location: 2F 2-2: Foul Ball, location: 2F 2-2: Fly out, F3 (Popup, 3)
|
Bottom of the 3rd over - 2 runs, 2 hits, 0 errors, 1 left on base; Gainesville 0 - Montgomery 2 |
TOP OF THE 4TH |
Gainesville Guidos batting - Pitching for Montgomery Biscuits : RHP Brent Shirley
|
Batting: RHB César Castillo
|
0-0: Called Strike 0-1: Fly out, F4 (Line Drive, 4)
|
Batting: SHB Kent Phillips
|
0-0: Ball 1-0: Called Strike 1-1: Swinging Strike 1-2: Ground out 6-3 (Groundball, 6)
|
Batting: RHB Adrián López
|
0-0: Called Strike 0-1: Fly out, F8 (Flyball, 78XD)
|
Top of the 4th over - 0 runs, 0 hits, 0 errors, 0 left on base; Gainesville 0 - Montgomery 2 |
BOTTOM OF THE 4TH |
Montgomery Biscuits batting - Pitching for Gainesville Guidos : RHP Bill Bowen
|
Batting: LHB José Castillo
|
0-0: Ball 1-0: Ball 2-0: Ball 3-0: Base on Balls
|
Batting: LHB Gilbert Stegall
|
0-0: Foul Ball, location: 2F 0-1: Ball 1-1: Called Strike 1-2: Ball 2-2: Ball 3-2: Foul Ball, location: 2F 3-2: Foul Ball, location: 2F 3-2: Strikes out swinging
|
Batting: RHB Roy Powell
|
0-0: Swinging Strike 0-1: Ball 1-1: Swinging Strike 1-2: Foul Ball, location: 2F 1-2: Ball 2-2: Strikes out swinging
|
Batting: RHB Greg Williams
|
0-0: Ball 1-0: Fielders Choice at 2nd, 6-4 (Groundball, 6)
|
Bottom of the 4th over - 0 runs, 0 hits, 0 errors, 1 left on base; Gainesville 0 - Montgomery 2 |
TOP OF THE 5TH |
Gainesville Guidos batting - Pitching for Montgomery Biscuits : RHP Brent Shirley
|
Batting: SHB José Sousa
|
0-0: Ball 1-0: Called Strike 1-1: SINGLE (Groundball, 34S) (infield hit)
|
Batting: RHB León Reynoso
|
0-0: Foul Ball, location: 2F 0-1: Ball 1-1: Ball Wild Pitch! José Sousa to second 2-1: Ball 3-1: Foul Ball, location: 2F 3-2: Strikes out swinging
|
Batting: RHB George Green
|
0-0: Called Strike 0-1: Called Strike 0-2: Foul Ball, location: 2F 0-2: Ball 1-2: 2-RUN HOME RUN (Flyball, 7D), Distance : 386 ft
|
Batting: RHB Ricardo Medina
|
0-0: Fly out, F9 (Flyball, 9S)
|
Batting: SHB Manuel Díaz
|
0-0: Called Strike 0-1: Foul Ball, location: 2F 0-2: Strikes out swinging
|
Top of the 5th over - 2 runs, 2 hits, 0 errors, 0 left on base; Gainesville 2 - Montgomery 2 |
BOTTOM OF THE 5TH |
Montgomery Biscuits batting - Pitching for Gainesville Guidos : RHP Bill Bowen
|
Batting: RHB Dave Sawyer
|
0-0: Ball 1-0: Foul Ball, location: 2F 1-1: Ground out 4-3 (Groundball, 4M)
|
Batting: LHB Amlak Saitoti
|
0-0: Foul Ball, location: 2F 0-1: Foul Ball, location: 2F 0-2: Ball 1-2: Ball 2-2: Ball 3-2: Ground out 3-1 (Groundball, 34S)
|
Batting: LHB Ron Young
|
0-0: Ball 1-0: Called Strike 1-1: Fly out, F7 (Flyball, 78M)
|
Bottom of the 5th over - 0 runs, 0 hits, 0 errors, 0 left on base; Gainesville 2 - Montgomery 2 |
TOP OF THE 6TH |
Gainesville Guidos batting - Pitching for Montgomery Biscuits : RHP Brent Shirley
|
Batting: RHB Doug Coleman
|
0-0: Ball 1-0: Ground out 6-3 (Groundball, 6)
|
Batting: RHB César Castillo
|
0-0: Ball 1-0: Fly out, F8 (Flyball, 8RM)
|
Batting: SHB Kent Phillips
|
0-0: Ball 1-0: Ball 2-0: Called Strike 2-1: Fly out, F7 (Flyball, 7S)
|
Top of the 6th over - 0 runs, 0 hits, 0 errors, 0 left on base; Gainesville 2 - Montgomery 2 |
BOTTOM OF THE 6TH |
Montgomery Biscuits batting - Pitching for Gainesville Guidos : RHP Bill Bowen
|
Batting: LHB António Fernández
|
0-0: Foul Ball, location: 2F 0-1: SINGLE (Groundball, 56D)
|
Batting: RHB Dave McGuire
|
0-0: Ball 1-0: Foul Ball, location: 2F 1-1: Swinging Strike 1-2: Strikes out swinging
|
Batting: LHB José Castillo
|
0-0: Ball 1-0: Swinging Strike 1-1: Fly out, F9 (Flyball, 89S)
|
Batting: LHB Gilbert Stegall
|
0-0: Called Strike 0-1: Ball 1-1: Foul Ball, location: 2F 1-2: Strikes out swinging
|
Bottom of the 6th over - 0 runs, 1 hit, 0 errors, 1 left on base; Gainesville 2 - Montgomery 2 |
TOP OF THE 7TH |
Gainesville Guidos batting - Pitching for Montgomery Biscuits : RHP Brent Shirley
|
Batting: RHB Adrián López
|
0-0: Ground out 5-3 (Groundball, 56)
|
Batting: SHB José Sousa
|
0-0: Ball 1-0: Ground out 6-3 (Groundball, 4)
|
Batting: RHB León Reynoso
|
0-0: Ball 1-0: Foul Ball, location: 2F 1-1: Swinging Strike 1-2: SOLO HOME RUN (Flyball, 78XD), Distance : 423 ft
|
Batting: RHB George Green
|
0-0: Ball 1-0: SINGLE (Groundball, 6MD)
|
Pinch Hitting: LHB Robbie Turner
|
0-0: Ground out 3-1 (Groundball, 3)
|
Top of the 7th over - 1 run, 2 hits, 0 errors, 1 left on base; Gainesville 3 - Montgomery 2 |
BOTTOM OF THE 7TH |
Montgomery Biscuits batting - Pitching for Gainesville Guidos : RHP Bill Bowen
|
Pitching: RHP Mario Tovar
|
|
Now at 2B: Tim Bonner
|
|
Batting: RHB Roy Powell
|
0-0: SINGLE (Groundball, 56D)
|
Batting: RHB Greg Williams
|
0-0: Sac Bunt - play at first, batter OUT! 1-4 Roy Powell to second
|
Pinch Hitting: SHB Marvin López
|
0-0: Ball 1-0: Called Strike 1-1: Fly out, F9 (Flyball, 9LD) Runner from 2nd tags up, SAFE at 3rd, no throw
|
Pitching: LHP Anthony Robinson
|
|
Pinch Hitting: RHB Marvin Kidd
|
0-0: Called Strike 0-1: Called Strike 0-2: Ball 1-2: Fly out, F7 (Line Drive, 78D)
|
Bottom of the 7th over - 0 runs, 1 hit, 0 errors, 1 left on base; Gainesville 3 - Montgomery 2 |
TOP OF THE 8TH |
Gainesville Guidos batting - Pitching for Montgomery Biscuits : RHP Brent Shirley
|
Now at 2B: Marvin Kidd
|
|
Now at SS: Lawrence Farley
|
|
Batting: SHB Manuel Díaz
|
0-0: Ball 1-0: Swinging Strike 1-1: Called Strike 1-2: Foul Ball, location: 2F 1-2: Ball 2-2: Strikes out swinging
|
Batting: RHB Doug Coleman
|
0-0: Foul Ball, location: 2F 0-1: Ball 1-1: Ball 2-1: Ball 3-1: Base on Balls
|
Batting: RHB César Castillo
|
0-0: Ball Wild Pitch! Doug Coleman to second 1-0: Foul Ball, location: 2F 1-1: Foul Ball, location: 2F 1-2: Ball 2-2: Foul Ball, location: 2F 2-2: Strikes out swinging
|
Batting: SHB Kent Phillips
|
0-0: Called Strike 0-1: Fly out, F9 (Flyball, 9D)
|
Top of the 8th over - 0 runs, 0 hits, 0 errors, 1 left on base; Gainesville 3 - Montgomery 2 |
BOTTOM OF THE 8TH |
Montgomery Biscuits batting - Pitching for Gainesville Guidos : LHP Anthony Robinson
|
Batting: LHB Ron Young
|
0-0: Ball 1-0: Ball 2-0: Called Strike 2-1: Ball 3-1: Base on Balls
|
Batting: LHB António Fernández
|
0-0: Called Strike 0-1: Called Strike 0-2: Ball 1-2: Ball 2-2: Ball 3-2: Foul Ball, location: 2F 3-2: Strikes out looking
|
Pitching: RHP Pat Hanna
|
|
Pinch Hitting: LHB Marcos Féliz
|
0-0: Ball Wild Pitch! Ron Young to second 1-0: Ball 2-0: SINGLE (Groundball, 3D) Ron Young to third Runner from 3rd tries for Home, SAFE, no throw
|
Batting: LHB José Castillo
|
0-0: Called Strike 0-1: Ball Marcos Féliz is caught stealing 2nd base 1-1: Ball 2-1: Fly out, F2 (Popup, 2RF)
|
Bottom of the 8th over - 1 run, 1 hit, 0 errors, 0 left on base; Gainesville 3 - Montgomery 3 |
TOP OF THE 9TH |
Gainesville Guidos batting - Pitching for Montgomery Biscuits : RHP Brent Shirley
|
Pitching: LHP Mike Waller
|
|
Now in LF: Marcos Féliz
|
|
Batting: RHB Adrián López
|
0-0: Called Strike 0-1: Ball 1-1: Foul Ball, location: 2F 1-2: Foul Ball, location: 2F 1-2: Ball 2-2: Foul Ball, location: 2F 2-2: Fly out, F7 (Flyball, 78D)
|
Batting: SHB José Sousa
|
0-0: Ball 1-0: Ball 2-0: Swinging Strike 2-1: Swinging Strike 2-2: Foul Ball, location: 2F 2-2: Strikes out looking
|
Batting: RHB León Reynoso
|
0-0: Called Strike 0-1: Foul Ball, location: 2F 0-2: Ground out 5-3 (Groundball, 56S)
|
Top of the 9th over - 0 runs, 0 hits, 0 errors, 0 left on base; Gainesville 3 - Montgomery 3 |
BOTTOM OF THE 9TH |
Montgomery Biscuits batting - Pitching for Gainesville Guidos : RHP Pat Hanna
|
Pitching: RHP Juan Arreola
|
|
Batting: LHB Gilbert Stegall
|
0-0: Ball 1-0: Swinging Strike 1-1: Foul Ball, location: 2F 1-2: Foul Ball, location: 2F 1-2: Ground out U3 (Groundball, 34)
|
Batting: RHB Roy Powell
|
0-0: Ball 1-0: Foul Ball, location: 2F 1-1: Called Strike 1-2: Strikes out swinging, 2-3 out at first.
|
Batting: RHB Greg Williams
|
0-0: Ball 1-0: Ball 2-0: Ball 3-0: Base on Balls
|
Batting: SHB Lawrence Farley
|
Pickoff Throw to First - Out!
|
Bottom of the 9th over - 0 runs, 0 hits, 0 errors, 0 left on base; Gainesville 3 - Montgomery 3 |
TOP OF THE 10TH |
Gainesville Guidos batting - Pitching for Montgomery Biscuits : LHP Mike Waller
|
Batting: RHB George Green
|
0-0: Called Strike 0-1: Foul Ball, location: 2F 0-2: Ball 1-2: Ball 2-2: Ball 3-2: Ground out 6-3 (Groundball, 6)
|
Pinch Hitting: RHB Luis Reynoso
|
0-0: Called Strike 0-1: Foul Ball, location: 2F 0-2: Ball 1-2: Strikes out looking
|
Batting: SHB Manuel Díaz
|
0-0: Called Strike 0-1: Foul Ball, location: 2F 0-2: Ball 1-2: Ball 2-2: Foul Ball, location: 2F 2-2: Ball 3-2: Foul Ball, location: 2F 3-2: Base on Balls
|
Batting: RHB Doug Coleman
|
0-0: Called Strike 0-1: Ball 1-1: SINGLE (Groundball, 6MD) Manuel Díaz to second Runner from 2nd tries for 3rd, SAFE, no throw
|
Batting: RHB César Castillo
|
0-0: Ground out 4-3 (Groundball, 4)
|
Top of the 10th over - 0 runs, 1 hit, 0 errors, 2 left on base; Gainesville 3 - Montgomery 3 |
|